 Dungeon Crawl Stone Soup version 0.23.2-40-g277498a001 (webtiles) character file.

Game seed: 11464186512443202241

88 Descartes the Grasshopper (level 4, -7/40 HPs)
             Began as a Naga Warper on Sept 18, 2019.
             Mangled by a gnoll
             ... wielding a +0 halberd
              (11 damage)
             ... on level 3 of the Dungeon.
             The game lasted 00:05:14 (2722 turns).

Descartes the Grasshopper (Naga Warper)             Turns: 2722, Time: 00:05:15

Health: -7/40      AC:  4    Str: 13    XL:     4   Next: 54%
Magic:  7/7        EV:  8    Int: 14    God:
Gold:   147        SH:  0    Dex: 11    Spells: 0/7 levels left

rFire    . . .     SeeInvis +   a - +0 falchion
rCold    . . .     Gourm    .   (no shield)
rNeg     . . .     Faith    .   l - +0 ring mail
rPois    +         Spirit   .   (no helmet)
rElec    .         Reflect  .   (no cloak)
rCorr    .         Harm     .   (no gloves)
MR       .....                  (no barding)
Stlth    +.........             (no amulet)
HPRegen  0.13/turn              (no ring)
MPRegen  0.10/turn              (no ring)

@: very slow
A: large, see invisible, deformed body, poison resistance, slowness 2, slow
metabolism 1, spit poison 1, AC +1
a: Spit Poison


You were on level 3 of the Dungeon.
You were not hungry.

You visited 1 branch of the dungeon, and saw 3 of its levels.

You collected 147 gold pieces.

Inventory:

Hand Weapons
 a - a +0 falchion (weapon)
Missiles
 c - 38 arrows
 e - 5 tomahawks of dispersal (quivered)
 g - 17 sling bullets
 k - 121 stones
Armour
 b - a +0 leather armour
 l - a +0 ring mail (worn)
Scrolls
 d - 4 scrolls of blinking
 h - a scroll of identify
 j - a scroll of teleportation
 o - a scroll of fear {unknown}
Potions
 m - a potion of curing
 n - a potion of brilliance
Comestibles
 f - 5 rations
 i - a chunk of flesh


   Skills:
 + Level 2.4 Fighting
 + Level 2.4 Long Blades
 - Level 0.8 Throwing
 + Level 1.3 Armour
 + Level 1.8 Dodging
 * Level 2.7 Stealth
 + Level 2.3 Spellcasting
 * Level 1.0 Charms
 * Level 3.2 Translocations


You couldn't memorise any spells.
You knew the following spells:

 Your Spells              Type           Power        Failure   Level  Hunger
a - Shroud of Golubria    Chrm/Tloc      #.........   30%         2    ###....
b - Blink                 Tloc           N/A          21%         2    ###....
c - Teleport Other        Tloc           ##......     36%         3    ###....

Your spell library contained the following spells:

 Spells                   Type           Power        Failure   Level  Hunger
 Gell's Gravitas          Tloc           ##........   36%         3    ###....
 Lesser Beckoning         Tloc           ##........   36%         3    ###....
 Passage of Golubria      Tloc           N/A          78%         4    #####..


Dungeon Overview and Level Annotations

Branches:
Dungeon (3/15)

Altars:
Gozag
Kikubaaqudgha
Yredelemnul


Innate Abilities, Weirdness & Mutations

You cannot wear boots.
Your serpentine skin is tough. (AC +1)
You have supernaturally acute eyesight. (SInv)
Armour fits poorly on your strangely shaped body.
Your system is resistant to poisons. (rPois)
You cover ground very slowly.
You have a slow metabolism.
You can spit poison.


Message History

The gnoll throws a throwing net.
The throwing net hits you.
You become entangled in the net!
The orc hits you with a +0 short sword.
You struggle against the net.
The orc hits you with a +0 short sword.
You struggle against the net.
The orc hits you with a +0 short sword.
You struggle against the net.
A gnoll comes into view. It is wielding a +0 halberd.
The orc hits you but does no damage.
You rip the net and break free!
You hear the rusting of a very distant drain.
The gnoll hits you from afar with a +0 halberd!
* * * LOW HITPOINT WARNING * * *
The orc closely misses you.
You barely miss the orc. The gnoll barely misses you.
The orc hits you but does no damage.
You barely miss the orc. The orc hits you with a +0 short sword.
* * * LOW HITPOINT WARNING * * *
The gnoll barely misses you.
You barely miss the orc. The orc barely misses you.
The gnoll hits you from afar with a +0 halberd!
You die...

###.# #..#
#........#
#. #..#
#...######
#..# #...#
#..# #..##
#..# #..#
#..####..#
..go..gg.#
#..o###o##
#. #@# #.#
#(..#
###.# .# #


You could see 2 gnolls and an orc.

Vanquished Creatures
  A gnoll (D:1)
  An adder (D:2)
  An ooze (D:1)
  3 dart slugs
  2 orcs (D:3)
  4 bats
  2 giant cockroaches (D:1)
  10 goblins
  11 hobgoblins
  2 quokkas (D:2)
  5 frilled lizards
  7 kobolds
  7 rats
56 creatures vanquished.

Notes
Turn   | Place    | Note
-------+----------+-------------------------------------------
     0 | D:1      | Descartes the Naga Warper began the quest for the Orb.
     0 | D:1      | Reached XP level 1. HP: 19/19 MP: 3/3
   553 | D:1      | Reached skill level 1 in Stealth
   553 | D:1      | Reached XP level 2. HP: 16/26 MP: 5/5
   569 | D:1      | Reached skill level 1 in Armour
  1050 | D:1      | Reached XP level 3. HP: 32/32 MP: 6/6
  1387 | D:1      | Learned a level 2 spell: Shroud of Golubria
  1390 | D:1      | Learned a level 2 spell: Blink
  2006 | D:2      | Reached XP level 4. HP: 40/40 MP: 7/7
  2011 | D:2      | Learned a level 3 spell: Teleport Other
  2358 | D:2      | Found an opulent altar of Gozag.
  2450 | D:2      | Found an ancient bone altar of Kikubaaqudgha.
  2465 | D:2      | Reached skill level 1 in Charms
  2583 | D:3      | Found a basalt altar of Yredelemnul.
  2722 | D:3      | Mangled by a gnoll

Skill      XL: |  1  2  3  4 |
---------------+-------------+-----
Stealth        | 1 2 |  2.7
Armour         | 1 |  1.3
Charms         | 1 |  1.0
Fighting       | |  2.4
Long Blades    | |  2.4
Throwing       | |  0.8
Dodging        | |  1.8
Spellcasting   | |  2.3
Translocations | |  3.2

Action                   |  1- 3 |  4- 6 || total
-------------------------+-------+-------++-------
Melee: Falchion          |   118 |    69 ||   187
  Use: Scroll            |       |     3 ||     3
 Stab: Sleeping          |     1 |     1 ||     2
  Eat: Chunk             |     2 |     2 ||     4
Armor: Leather armour    |    13 |       ||    13
       Ring mail         |    18 |    20 ||    38
Dodge: Dodged            |    61 |    31 ||    92
       Rpst.: Falchion   |    24 |     8 ||    32
